 Dungeon Crawl Stone Soup version 0.23.2-40-g277498a (webtiles) character file.

Game seed: 1051844920531823689

109 zhovat1 the Purveyor of Pain (level 4, -2/32 HPs)
             Began as a Demonspawn Necromancer on Aug 21, 2019.
             Was an Initiate of Kikubaaqudgha.
             Slain by a gnoll
             ... wielding a +0 spear
              (4 damage)
             ... on level 3 of the Dungeon.
             The game lasted 00:03:33 (2885 turns).

zhovat1 the Purveyor of Pain (DsNe)                 Turns: 2885, Time: 00:03:34

Health: -2/32      AC:  3    Str:  9    XL:     4   Next: 59%
Magic:  0/8        EV: 12    Int: 20    God:    Kikubaaqudgha [......]
Gold:   60         SH:  0    Dex: 13    Spells: 4/8 levels left

rFire    + . .     SeeInvis .   f - +1 short sword (speed)
rCold    . . .     Gourm    .   (no shield)
rNeg     . . .     Faith    .   a - +1 robe
rPois    .         Spirit   .   (no helmet)
rElec    .         Reflect  .   (no cloak)
rCorr    .         Harm     .   (no gloves)
MR       .....                  (no boots)
Stlth    ++........             (no amulet)
HPRegen  0.10/turn              h - +3 ring of intelligence
MPRegen  0.11/turn              j - ring of protection from fire

@: very slightly contaminated
A: talons 2
a: Renounce Religion


You were on level 3 of the Dungeon.
You worshipped Kikubaaqudgha.
Kikubaaqudgha was noncommittal.
You were hungry.

You visited 1 branch of the dungeon, and saw 3 of its levels.

You collected 60 gold pieces.

Inventory:

Hand Weapons
 f - a +1 short sword of speed (weapon)
Armour
 a - a +1 robe (worn)
Jewellery
 h - a +3 ring of intelligence (left hand)
 j - a ring of protection from fire (right hand)
 m - a cursed amulet of inaccuracy {unknown}
Scrolls
 b - 2 scrolls of teleportation
 k - a scroll of remove curse
 l - a scroll of immolation {unknown}
 q - a scroll of fear {unknown}
Potions
 e - 3 potions of curing
 g - 2 potions of heal wounds {unknown}
 i - a potion of ambrosia {unknown}
 n - a potion of lignification {unknown}
 o - a potion of haste {unknown}
 p - 2 potions of flight {unknown}
Comestibles
 c - 2 rations
 d - 4 chunks of flesh


   Skills:
 + Level 1.5 Fighting
 * Level 1.2 Short Blades
 + Level 2.3 Dodging
 + Level 2.4 Stealth
 * Level 2.8 Spellcasting
 + Level 4.6 Necromancy


You had 4 spell levels left.
You knew the following spells:

 Your Spells              Type           Power        Failure   Level  Hunger
a - Pain                  Necr           ###.         2%          1    None
b - Vampiric Draining     Necr           ###.......   6%          3    ###....

Your spell library contained the following spells:

 Spells                   Type           Power        Failure   Level  Hunger
 Animate Skeleton         Necr           N/A          2%          1    None
 Regeneration             Chrm/Necr      ##........   17%         3    ###....
 Animate Dead             Necr           N/A          22%         4    ####...


Dungeon Overview and Level Annotations

Branches:
Dungeon (3/15)

Altars:
Elyvilon
Kikubaaqudgha
Ru


Innate Abilities, Weirdness & Mutations

You have razor-sharp toenails.


Message History

The gnoll hits you from afar with a +0 spear.
* * * LOW HITPOINT WARNING * * *
Casting: Pain (safe; 2% risk of failure)
Confirm with . or Enter, or press ? or * to list all spells.
Aiming: Pain (safe; 2% risk of failure)
Press: ? - help, Shift-Dir - straight line, f/p - gnoll
Aim: a gnoll, wielding a +0 spear (heavily wounded, chance to defeat MR: 86%)
The gnoll writhes in agony.
The gnoll hits you from afar with a +0 spear.
* * * LOW HITPOINT WARNING * * *
Casting: Pain (safe; 2% risk of failure)
Confirm with . or Enter, or press ? or * to list all spells.
Aiming: Pain (safe; 2% risk of failure)
Press: ? - help, Shift-Dir - straight line, f/p - gnoll
Aim: a gnoll, wielding a +0 spear (almost dead, chance to defeat MR: 86%)
The gnoll barely resists.
The gnoll misses you.
A gnoll comes into view. It is wielding a +0 halberd.
The gnoll hits you from afar with a +0 spear.
You die...
Kikubaaqudgha rasps: "You have failed me!
Welcome... death!"

#'# #.#######
#.......# #######÷[#
#.# .........## #.#
#####.....###$####.#
#...>.†).g....g)...#
..###.#..####.######
#.#@.####.#
#.#.......#
#.#.####### #.# #.#
#.# ##.#######
#........#
###..#####.########


You could see a gnoll.

Vanquished Creatures
  A worker ant zombie (D:2)
  A gnoll (D:3)
  2 adders
  2 oozes
  A leopard gecko (D:1)
  An orc (D:3)
  9 bats
  3 giant cockroaches
  8 goblins
  8 hobgoblins
  A quokka (D:2)
  3 frilled lizards
  9 kobolds
  9 rats
58 creatures vanquished.

Notes
Turn   | Place    | Note
-------+----------+-------------------------------------------
     0 | D:1      | zhovat1 the Demonspawn Necromancer began the quest for the
                  | Orb.
     0 | D:1      | Reached XP level 1. HP: 13/13 MP: 3/3
     3 | D:1      | You fall through a shaft!
   336 | D:2      | Gained mutation: You have sharp toenails. [demonic
                  | ancestry]
   336 | D:2      | Reached XP level 2. HP: 17/20 MP: 1/5
  1358 | D:1      | Gained mutation: You have razor-sharp toenails. [demonic
                  | ancestry]
  1358 | D:1      | Reached XP level 3. HP: 23/25 MP: 6/6
  1366 | D:1      | Reached skill level 1 in Fighting
  1541 | D:1      | You fall through a shaft!
  1940 | D:2      | Reached XP level 4. HP: 27/32 MP: 7/7
  2004 | D:2      | Found an ancient bone altar of Kikubaaqudgha.
  2004 | D:2      | Found a sacrificial altar of Ru.
  2005 | D:2      | Found a white marble altar of Elyvilon.
  2012 | D:2      | Became a worshipper of Kikubaaqudgha
  2159 | D:2      | Reached skill level 1 in Short Blades
  2237 | D:2      | Learned a level 3 spell: Vampiric Draining
  2885 | D:3      | Slain by a gnoll

Skill      XL: |  1  2  3  4 |
---------------+-------------+-----
Stealth        | 2 |  2.4
Dodging        | 2 |  2.3
Fighting       | 1 |  1.5
Short Blades   | 1 |  1.2
Spellcasting   | |  2.8
Necromancy     | |  4.6

Action                   |  1- 3 |  4- 6 || total
-------------------------+-------+-------++-------
Melee: Unarmed           |    40 |       ||    40
       Short sword       |    80 |    56 ||   136
       Kick              |    18 |    12 ||    30
       Dagger            |     6 |       ||     6
 Cast: Pain              |    19 |     8 ||    27
  Use: Scroll            |     5 |     1 ||     6
 Stab: Sleeping          |     6 |     1 ||     7
  Eat: Chunk             |     3 |     3 ||     6
Armor: Robe              |    16 |    12 ||    28
Dodge: Dodged            |    73 |    33 ||   106
